[Event "XX Gran Hotel Bali-A 2023"]
[Site "Benidorm"]
[Date "2023.12.06"]
[Round "7.1"]
[White "Grigoryan, Karen H."]
[Black "Moskalenko, Viktor"]
[Result "1-0"]
[ECO "D31"]
[WhiteElo "2646"]
[BlackElo "2427"]
[Annotator "TA"]
[PlyCount "161"]
[EventDate "2023.12.02"]
[EventType "swiss"]
[EventCountry "ESP"]
[SourceTitle "playchess.com"]
[Source "ChessBase"]
[SourceQuality "1"]
[TimeControl "5400+30"]

1. d4 d5 2. c4 e6 3. Nc3 a6 4. cxd5 exd5 5. Qb3 Nc6 6. Nf3 {[%emt 0:01:38] D31: Queen's Gambit Declined: Semi-Slav without ...Nf6 (+ Marshall Gambit and Noteboom) and Exchange Variation lines without ...Nf6.} Be6 {[%emt 0:00:00] [#]} 7. g3 $146 (7. Qxb7 $2 Na5 $19) ({Predecessor:} 7. Bf4 Bb4 8. e3 Nge7 9. Bd3 O-O 10. O-O Bd6 11. Bxd6 Qxd6 12. Rac1 h6 13. Na4 {0-1 Kryakvin,D (2554)-Grachev,B (2628) RUS-ch rapid 2016 (9)}) 7... Nf6 8. Bg2 {[%emt 0:00:16] The position is equal.} (8. Qxb7 $2 Na5 $19) 8... h6 9. O-O (9. Qxb7 $2 Na5 $19) 9... Bd6 10. Rd1 (10. Qxb7 $2 Na5 $19) 10... O-O $1 11. Bf4 (11. Qxb7 $2 {perishes.} Na5 $19) 11... Na5 12. Qc2 Bxf4 13. gxf4 Nc4 14. Ne5 Nd6 15. e3 c6 16. f3 Nh5 17. Qf2 Re8 18. Ne2 (18. Re1 $11 {deserves consideration.}) 18... Bf5 19. Re1 Bh7 (19... f6 $17 20. Ng4 a5) 20. Rad1 Qe7 21. Ng3 Nxg3 (21... Qh4 {with more complications.} 22. Ne2 Qxf2+ 23. Kxf2 f6) 22. hxg3 f6 23. Ng4 h5 24. Nh2 Qf7 25. g4 hxg4 26. Nxg4 Bf5 27. Nh2 ({White should play} 27. Bf1) 27... Qg6 ({Better is} 27... Re7 28. Nf1 Rae8) 28. Nf1 $17 {[%emt 0:02:55] White is weak on the light squares} Bh3 (28... Re6 $17 {next ...Rae8 is good for Black.} 29. Qg3 Qh7) 29. Rd2 (29. Qg3 $1 $11 {remains equal.} Qxg3 30. Nxg3 Bxg2 31. Kxg2) 29... Bxg2 ({Reject} 29... Nc4 $6 30. Rde2 $15) ({Black should try} 29... Nf5 $17) 30. Qxg2 $15 Qxg2+ 31. Kxg2 Kf7 32. Ng3 f5 33. b3 Re6 34. Rde2 a5 35. a4 Rh8 36. Rh1 Reh6 37. Rxh6 Rxh6 $11 {[%emt 0:00:05][%mdl 4096] Endgame KRN-KRN} 38. Nh1 Kf6 39. Nf2 Rg6+ 40. Kf1 Rh6 41. Rc2 Rh8 42. Rc5 Ra8 43. Nd3 Nf7 44. Ne5 Ke6 45. Rc2 Nxe5 46. fxe5 {[%emt 0:00:07] KR-KR} Rh8 47. Kg2 g5 48. Rc5 Ra8 49. Kf2 Kd7 50. Rc1 Rh8 {[%emt 0:00:08] Dodges Rh1} 51. Rg1 Rh5 52. Kg3 Rh8 53. Rb1 Kc7 54. Re1 Kd7 55. Rg1 Rh4 56. Kf2 Rh2+ 57. Ke1 Rh5 58. Kd2 b6 59. Kd3 c5 60. Rc1 Kc6 61. Rg1 Kd7 62. Rg2 Kc6 63. Rg1 Kd7 64. Rc1 Kc6 65. e6 Rh6 66. e7 Re6 67. Rg1 g4 (67... cxd4 {simplifies} 68. Rxg5 Rxe3+ 69. Kxd4 Rxe7 70. Rxf5 Re6) 68. fxg4 fxg4 (68... Rxe7 $2 69. gxf5 Re4 70. dxc5 bxc5 71. f6 $18) 69. Rxg4 {[%emt 0:00:09][%cal Og4g6] [#] Threatening mate with Rg6!} Kd6 (69... Rxe7 {simplifies} 70. Rg6+ Kc7 71. dxc5 bxc5 72. Ra6 Re4) 70. e4 {[%emt 0:04:56] Strongly threatening exd5.} cxd4 71. exd5 Rxe7 72. Kxd4 Re1 $2 (72... Kc7 $11 {and Black has nothing to worry.}) 73. Rg6+ $18 Kc7 74. Rc6+ Kb7 {[%emt 0:00:05] [#]} 75. Rc3 ({White must play} 75. Re6 $1 $16 Rh1 76. Re7+ Kc8 77. Ke5) 75... Rd1+ 76. Ke5 {[%emt 0:00:07] And now Kd6 would win.} b5 $2 77. Rc5 $2 ({Only move:} 77. axb5 $18 Re1+ 78. Kd4) 77... bxa4 $1 $14 78. bxa4 {[%emt 0:00:06] Threatens to win with Kd6.} ({Much worse is} 78. Rxa5 axb3 79. Rb5+ Kc7 $11) 78... Re1+ $2 (78... Kb6 $16 79. Rc6+ Kb7) 79. Kd6 $18 {[%emt 0:00:31][%cal Od6d7] Intending Kd7! and mate.} Kb6 80. Rb5+ Ka6 81. Kc6 {[%emt 0:00:18] Weighted Error Value: White=0.11 (very precise) /Black=0.09 (flawless)} 1-0

[Event "XX Gran Hotel Bali-A 2023"]
[Site "Benidorm"]
[Date "2023.12.06"]
[Round "7.2"]
[White "Korneev Leskova, Svyatoslav"]
[Black "Zanan, Evgeny"]
[Result "0-1"]
[ECO "A20"]
[WhiteElo "2252"]
[BlackElo "2486"]
[Annotator "RC"]
[PlyCount "46"]
[EventDate "2023.12.02"]
[EventType "swiss"]
[EventCountry "ESP"]
[SourceTitle "playchess.com"]
[Source "ChessBase"]
[SourceQuality "1"]
[TimeControl "5400+30"]

1. c4 e5 2. g3 Nf6 3. Bg2 c6 4. d4 exd4 5. Qxd4 Na6 6. Nf3 Bc5 7. Qe5+ Be7 8. O-O O-O 9. a3 Nc5 10. Bg5 d6 11. Qf4 h6 12. Bxf6 Bxf6 13. Ra2 a5 14. Rd1 Re8 15. Nc3 Qe7 16. Rxd6 Be6 17. g4 g5 18. Qg3 Bxc3 19. Rxe6 Qxe6 20. bxc3 Qxc4 21. Rd2 Ne4 22. Qc7 Nxd2 23. Nxd2 Qxe2 0-1

[Event "XX Gran Hotel Bali-A 2023"]
[Site "Benidorm"]
[Date "2023.12.06"]
[Round "7.3"]
[White "Vignesh B"]
[Black "Ilinca, Felix-Antonio"]
[Result "0-1"]
[ECO "B50"]
[WhiteElo "2140"]
[BlackElo "2395"]
[Annotator "RC"]
[PlyCount "78"]
[EventDate "2023.12.02"]
[EventType "swiss"]
[EventCountry "ESP"]
[SourceTitle "playchess.com"]
[Source "ChessBase"]
[SourceQuality "1"]
[TimeControl "5400+30"]

1. e4 c5 2. Nf3 d6 3. c3 Nf6 4. Be2 g6 5. O-O Bg7 6. e5 dxe5 7. Nxe5 O-O 8. Bf3 Nfd7 9. Nc4 Nc6 10. Bxc6 bxc6 11. Qe2 Nb6 12. d3 Bf5 13. Rd1 Qd7 14. Ne3 Rad8 15. Nxf5 Qxf5 16. Na3 Rd7 17. Nc4 Rfd8 18. Be3 Rxd3 19. Rxd3 Rxd3 20. Na5 Qe4 21. Qf3 Qa4 22. Nxc6 Nd5 23. Nd8 Nxe3 24. b3 Qd7 25. Qxf7+ Kh8 26. fxe3 Qxd8 27. Rf1 Rxe3 28. h3 Rxc3 29. Qe6 Bf6 30. Kh1 Kg7 31. Qe1 Rc2 32. a4 Qd5 33. Qg3 Rc3 34. Qg4 h5 35. Qc8 Rg3 36. Rg1 h4 37. Kh2 Be5 38. Kh1 e6 39. Rf1 Qxg2# 0-1

[Event "XX Gran Hotel Bali-A 2023"]
[Site "Benidorm"]
[Date "2023.12.06"]
[Round "7.4"]
[White "Campora, Daniel H."]
[Black "Mingarro Carceller, Sergi"]
[Result "1/2-1/2"]
[ECO "B30"]
[WhiteElo "2341"]
[BlackElo "2253"]
[Annotator "RC"]
[PlyCount "21"]
[EventDate "2023.12.02"]
[EventType "swiss"]
[EventCountry "ESP"]
[SourceTitle "playchess.com"]
[Source "ChessBase"]
[SourceQuality "1"]
[TimeControl "5400+30"]

1. e4 c5 2. Nf3 Nc6 3. Bb5 e6 4. O-O Nge7 5. Re1 Nd4 6. Bf1 Nec6 7. d3 Be7 8. Nbd2 O-O 9. c3 Nxf3+ 10. Nxf3 d5 11. g3 1/2-1/2

[Event "XX Gran Hotel Bali-A 2023"]
[Site "Benidorm"]
[Date "2023.12.06"]
[Round "7.5"]
[White "Escartin Lacasa, Jose"]
[Black "Mitrabha, Guha"]
[Result "0-1"]
[ECO "A43"]
[WhiteElo "2272"]
[BlackElo "2516"]
[Annotator "RC"]
[PlyCount "68"]
[EventDate "2023.12.02"]
[EventType "swiss"]
[EventCountry "ESP"]
[SourceTitle "playchess.com"]
[Source "ChessBase"]
[SourceQuality "1"]
[TimeControl "5400+30"]

1. d4 Nf6 2. Nf3 c5 3. d5 b5 4. Bg5 g6 5. d6 exd6 6. e3 a6 7. a4 Bb7 8. axb5 axb5 9. Rxa8 Bxa8 10. Bxb5 h6 11. Bxf6 Qxf6 12. Nc3 Bg7 13. O-O O-O 14. Qe2 d5 15. Rd1 Qe6 16. Qd3 Qb6 17. Ba4 Qb4 18. Qb5 Bxc3 19. bxc3 Qxc3 20. Qb3 Qf6 21. c3 Nc6 22. c4 Rb8 23. Qa3 Nb4 24. Bxd7 dxc4 25. Qa7 Qb6 26. Qa1 Bxf3 27. gxf3 Nd3 28. Bh3 Qb2 29. Qxb2 Nxb2 30. Rc1 Rb3 31. Bf1 c3 32. f4 c4 33. Rc2 Nd3 34. f3 Nb4 0-1

[Event "XX Gran Hotel Bali-A 2023"]
[Site "Benidorm"]
[Date "2023.12.06"]
[Round "7.7"]
[White "Domingo Nunez, Ruben"]
[Black "Garijo Perez, Hugo"]
[Result "1-0"]
[ECO "A88"]
[WhiteElo "2429"]
[BlackElo "2222"]
[Annotator "RC"]
[PlyCount "65"]
[EventDate "2023.12.02"]
[EventType "swiss"]
[EventCountry "ESP"]
[SourceTitle "playchess.com"]
[Source "ChessBase"]
[SourceQuality "1"]
[TimeControl "5400+30"]

1. c4 f5 2. Nf3 Nf6 3. g3 g6 4. Bg2 Bg7 5. Nc3 d6 6. d4 O-O 7. d5 c6 8. O-O e5 9. e4 Na6 10. exf5 gxf5 11. Ng5 e4 12. f3 h6 13. Nh3 Nc5 14. Be3 exf3 15. Qxf3 Nce4 16. Rad1 c5 17. Nf4 Ng5 18. Qe2 Re8 19. Qd3 Ng4 20. Bc1 Bd4+ 21. Kh1 Nf2+ 22. Rxf2 Bxf2 23. h4 Nf7 24. Ne6 Rxe6 25. dxe6 Bxe6 26. Qe2 Bxg3 27. Qxe6 Qxh4+ 28. Kg1 f4 29. Ne4 Kg7 30. Nxd6 Qh2+ 31. Kf1 Rf8 32. Nf5+ Kh7 33. Qf6 1-0

[Event "XX Gran Hotel Bali-A 2023"]
[Site "Benidorm"]
[Date "2023.12.06"]
[Round "7.8"]
[White "Davtyan, David Arm."]
[Black "Iglesias Ferreira, Andres"]
[Result "0-1"]
[ECO "A28"]
[WhiteElo "2362"]
[BlackElo "2187"]
[Annotator "RC"]
[PlyCount "80"]
[EventDate "2023.12.02"]
[EventType "swiss"]
[EventCountry "ESP"]
[SourceTitle "playchess.com"]
[Source "ChessBase"]
[SourceQuality "1"]
[TimeControl "5400+30"]

1. c4 Nf6 2. Nc3 e5 3. Nf3 Nc6 4. e4 Bb4 5. d3 d6 6. a3 Bc5 7. b4 Bb6 8. Be3 Bg4 9. Bxb6 axb6 10. Be2 Bxf3 11. Bxf3 Nd4 12. g3 O-O 13. Bg2 Qd7 14. a4 h5 15. O-O h4 16. h3 g6 17. Ra2 Kg7 18. Qc1 Rh8 19. f4 hxg3 20. fxe5 dxe5 21. Qg5 Qe7 22. Qxg3 Nh5 23. Qe3 c6 24. Raf2 f6 25. Rb1 g5 26. Bf3 Nf4 27. Bg4 Rh4 28. a5 Rah8 29. Rh2 bxa5 30. bxa5 Qa3 31. Rxb7+ Kh6 32. Ne2 Qa1+ 33. Kf2 Ndxe2 34. Bxe2 Kg6 35. Qa7 Nxh3+ 36. Rxh3 Rxh3 37. Rg7+ Kh6 38. Rf7 Rh2+ 39. Kg3 Qe1+ 40. Kxh2 Kg6+ 0-1

[Event "XX Gran Hotel Bali-A 2023"]
[Site "Benidorm"]
[Date "2023.12.06"]
[Round "7.9"]
[White "Garcia Molina, Jose"]
[Black "Utsab Chatterjee"]
[Result "0-1"]
[ECO "E20"]
[WhiteElo "2212"]
[BlackElo "2302"]
[Annotator "RC"]
[PlyCount "116"]
[EventDate "2023.12.02"]
[EventType "swiss"]
[EventCountry "ESP"]
[SourceTitle "playchess.com"]
[Source "ChessBase"]
[SourceQuality "1"]
[TimeControl "5400+30"]

1. d4 Nf6 2. c4 e6 3. Nf3 d5 4. g3 Bb4+ 5. Nc3 O-O 6. Bg2 dxc4 7. O-O Nc6 8. a3 Bxc3 9. bxc3 Rb8 10. Rb1 a6 11. Bg5 b5 12. e4 Qe8 13. Bxf6 gxf6 14. Qd2 Qe7 15. Qh6 Bd7 16. Rbd1 Kh8 17. e5 f5 18. Rfe1 Rg8 19. h4 Rg6 20. Qh5 Qf8 21. Ng5 Qg7 22. d5 Nd8 23. dxe6 fxe6 24. Rd2 Be8 25. Qd1 Qe7 26. Nh3 Rg8 27. Nf4 Nb7 28. Qf3 Nc5 29. Qe3 Nb3 30. Rdd1 Bf7 31. Kh2 Rbd8 32. Qf3 Qxa3 33. Bh3 Qe7 34. Qe2 Nc5 35. Qe3 Ne4 36. Rd4 Rxd4 37. cxd4 c5 38. Bg2 cxd4 39. Qxd4 Rd8 40. Qb6 Nc5 41. Re2 Rc8 42. Qa5 Qc7 43. Qc3 Na4 44. Qd4 Rd8 45. Qe3 b4 46. g4 fxg4 47. Ra2 Nc5 48. h5 c3 49. Re2 Qe7 50. Kg3 a5 51. Bc6 Nb3 52. Ng6+ Bxg6 53. hxg6 Nd4 54. Be4 Nxe2+ 55. Qxe2 Qg5 56. Bd3 hxg6 57. Qe4 Qf5 58. Qh1+ Qh5 0-1

[Event "XX Gran Hotel Bali-A 2023"]
[Site "Benidorm"]
[Date "2023.12.06"]
[Round "7.10"]
[White "Ambartsumian, Tyhran"]
[Black "Granero Roca, Antonio"]
[Result "1-0"]
[ECO "B23"]
[WhiteElo "2138"]
[BlackElo "2273"]
[Annotator "ChessBase"]
[PlyCount "87"]
[EventDate "2023.12.02"]
[EventType "swiss"]
[EventCountry "ESP"]
[SourceTitle "playchess.com"]
[Source "ChessBase"]
[SourceQuality "1"]
[TimeControl "5400+30"]

1. e4 c5 2. Nc3 d6 3. f4 Nc6 4. Nf3 g6 5. Bc4 Bg7 6. O-O Nf6 7. d3 O-O 8. Qe1 Nd4 9. Nxd4 cxd4 10. Nb5 a6 11. Nxd4 Qb6 12. c3 e5 13. fxe5 dxe5 14. Be3 Ng4 15. Nf5 Nxe3 16. Qxe3 Qxb2 17. Nxg7 Kxg7 18. d4 Qb6 19. Bd5 Rb8 20. Rab1 Qc7 21. c4 Be6 22. Rb2 Bxd5 23. cxd5 Rbe8 24. Rbf2 exd4 25. Qxd4+ Qe5 26. Qb6 Re7 27. Rf4 Rc8 28. Qf2 Rf8 29. Kh1 Rc7 30. h4 h6 31. Qg3 Kg8 32. Qg4 h5 33. Qf3 b5 34. Rf6 Kg7 35. Rxa6 Rc4 36. Re6 Qd4 37. Re7 Rcc8 38. Rxf7+ Rxf7 39. Qxf7+ Kh6 40. Qf4+ Kg7 41. d6 b4 42. e5 Qxf4 43. Rxf4 Re8 44. d7 1-0

[Event "XX Gran Hotel Bali-A 2023"]
[Site "Benidorm"]
[Date "2023.12.06"]
[Round "7.11"]
[White "Trigo Urquijo, Sergio"]
[Black "Gaurav Rajesh Zagade"]
[Result "0-1"]
[ECO "E26"]
[WhiteElo "2400"]
[BlackElo "2099"]
[Annotator "RC"]
[PlyCount "120"]
[EventDate "2023.12.02"]
[EventType "swiss"]
[EventCountry "ESP"]
[SourceTitle "playchess.com"]
[Source "ChessBase"]
[SourceQuality "1"]
[TimeControl "5400+30"]

1. d4 Nf6 2. c4 e6 3. Nc3 Bb4 4. a3 Bxc3+ 5. bxc3 c5 6. e3 b6 7. Bd3 Bb7 8. f3 Nc6 9. Ne2 d6 10. O-O Qe7 11. e4 Na5 12. d5 Ba6 13. Ng3 O-O-O 14. Qe2 Nd7 15. f4 h5 16. e5 dxe5 17. fxe5 exd5 18. Nf5 Qxe5 19. Qf3 Qxc3 20. Bf4 Ne5 21. Bxe5 Qxe5 22. Rae1 Qf6 23. cxd5 Bxd3 24. Qxd3 Rhe8 25. Ne7+ Qxe7 26. Rxe7 Rxe7 27. Qh3+ Kb7 28. Qxh5 f6 29. Rd1 Rd6 30. Qf3 Nc4 31. Qf4 Ne5 32. a4 c4 33. Qe4 Rc7 34. h3 Rc5 35. Qh7 Rd7 36. d6 Rc6 37. Qe4 Nd3 38. a5 b5 39. a6+ Kb6 40. Qe3+ Nc5 41. Qe8 Kxa6 42. Qb8 Na4 43. Rb1 Rb7 44. Qd8 c3 45. d7 Rd6 46. Qc8 Rdxd7 47. Qc6+ Ka5 48. Rc1 Rbc7 49. Qe4 Rc4 50. Qe6 Rdc7 51. Qd5 R4c5 52. Qd1 c2 53. Qd2+ b4 54. Kh2 Kb5 55. Qd3+ Kb6 56. Qd6+ Kb7 57. Qd3 a5 58. Qf3+ Ka7 59. Qe3 Nb6 60. Qb3 Rc4 0-1

[Event "XX Gran Hotel Bali-A 2023"]
[Site "Benidorm"]
[Date "2023.12.06"]
[Round "7.12"]
[White "Azaryan, Tigran"]
[Black "Luque Saiz, Andres"]
[Result "1/2-1/2"]
[ECO "C41"]
[WhiteElo "2115"]
[BlackElo "2349"]
[Annotator "ChessBase"]
[PlyCount "80"]
[EventDate "2023.12.02"]
[EventType "swiss"]
[EventCountry "ESP"]
[SourceTitle "playchess.com"]
[Source "ChessBase"]
[SourceQuality "1"]
[TimeControl "5400+30"]

1. e4 d6 2. d4 Nf6 3. Nc3 e5 4. Nf3 Nbd7 5. Bc4 Be7 6. O-O O-O 7. h3 exd4 8. Nxd4 Re8 9. f4 Bf8 10. Qf3 c6 11. Kh1 d5 12. exd5 Nb6 13. Bb3 c5 14. Nde2 c4 15. Ba4 Nxa4 16. Nxa4 Qxd5 17. Qxd5 Nxd5 18. Nd4 Bd7 19. Nc3 Nb4 20. a3 Nc6 21. Ndb5 Rac8 22. Nd5 Bc5 23. b4 cxb3 24. cxb3 Ne7 25. Ndc7 Nf5 26. Rd1 Red8 27. Bd2 a6 28. Rac1 b6 29. b4 axb5 30. bxc5 Rxc7 31. cxb6 Rxc1 32. Bxc1 Kf8 33. Bb2 Ne7 34. Be5 Nc6 35. Bc7 Ke8 36. Re1+ Kf8 37. b7 Re8 38. Bd6+ Kg8 39. Rxe8+ Bxe8 40. b8=Q Nxb8 1/2-1/2

[Event "XX Gran Hotel Bali-A 2023"]
[Site "Benidorm"]
[Date "2023.12.06"]
[Round "7.13"]
[White "Robledo Sanchez, Carlos"]
[Black "Goluch, Piotr"]
[Result "0-1"]
[ECO "A13"]
[WhiteElo "2117"]
[BlackElo "2309"]
[Annotator "RC"]
[PlyCount "62"]
[EventDate "2023.12.02"]
[EventType "swiss"]
[EventCountry "ESP"]
[SourceTitle "playchess.com"]
[Source "ChessBase"]
[SourceQuality "1"]
[TimeControl "5400+30"]

1. c4 e6 2. Nf3 d5 3. e3 Nf6 4. b3 c5 5. Bb2 Nc6 6. cxd5 exd5 7. Bb5 Bd6 8. O-O O-O 9. d4 cxd4 10. Nxd4 Bd7 11. Nc3 Rc8 12. Rc1 Re8 13. Nf3 Bg4 14. Bxc6 bxc6 15. Ne2 Bxf3 16. gxf3 Nd7 17. f4 Bf8 18. Ng3 Re6 19. Qf3 Qa5 20. a3 Qb5 21. b4 a5 22. Qg4 Rce8 23. f5 Rh6 24. Nh5 Re4 25. f4 g6 26. Ng3 Rxe3 27. fxg6 Rxg6 28. Qxd7 Qe2 29. Kh1 Rexg3 30. hxg3 Rh6+ 31. Kg1 Qh2# 0-1

[Event "XX Gran Hotel Bali-A 2023"]
[Site "Benidorm"]
[Date "2023.12.06"]
[Round "7.14"]
[White "Nurgali, Nazerke"]
[Black "Salvador Buiza, Victor"]
[Result "0-1"]
[ECO "E10"]
[WhiteElo "2222"]
[BlackElo "2112"]
[Annotator "RC"]
[PlyCount "46"]
[EventDate "2023.12.02"]
[EventType "swiss"]
[EventCountry "ESP"]
[SourceTitle "playchess.com"]
[Source "ChessBase"]
[SourceQuality "1"]
[TimeControl "5400+30"]

1. d4 Nf6 2. Nf3 e6 3. c4 c5 4. d5 b5 5. dxe6 fxe6 6. cxb5 d5 7. e3 Nbd7 8. Nbd2 Bb7 9. Qc2 Bd6 10. b3 O-O 11. Bd3 Qe8 12. Bb2 Qh5 13. Be2 Ng4 14. h3 Qh6 15. O-O d4 16. e4 Nde5 17. Nxe5 Nxe5 18. Bc1 Qh4 19. Bd3 Rf6 20. f4 Rxf4 21. Rxf4 Qxf4 22. Nc4 Qg3 23. Be2 Nf3+ 0-1

[Event "XX Gran Hotel Bali-A 2023"]
[Site "Benidorm"]
[Date "2023.12.06"]
[Round "7.15"]
[White "Alvarez Perez, Adan"]
[Black "Ereza Vizcarra, Fernando"]
[Result "0-1"]
[ECO "C41"]
[WhiteElo "2241"]
[BlackElo "2116"]
[Annotator "ChessBase"]
[PlyCount "92"]
[EventDate "2023.12.02"]
[EventType "swiss"]
[EventCountry "ESP"]
[SourceTitle "playchess.com"]
[Source "ChessBase"]
[SourceQuality "1"]
[TimeControl "5400+30"]

1. e4 d6 2. Nc3 Nf6 3. Nf3 e5 4. d4 Nbd7 5. a4 Be7 6. Bc4 O-O 7. h3 c6 8. O-O b6 9. Qe2 a6 10. Rd1 Qc7 11. Nh4 exd4 12. Rxd4 Ne5 13. Bb3 Re8 14. Rd1 Bf8 15. Bf4 Rb8 16. Bh2 b5 17. axb5 axb5 18. f4 Ned7 19. Nf3 b4 20. Bxf7+ Kxf7 21. Qc4+ d5 22. Ng5+ Kg8 23. exd5 Qb6+ 24. Kh1 Qc5 25. Qa2 b3 26. cxb3 cxd5 27. Nxd5 Nxd5 28. b4 Rxb4 29. Rac1 Qb5 30. Rxd5 Qa4 31. Qb1 Nf6 32. Re5 Rd8 33. Rce1 h6 34. Ne6 Bxe6 35. Rxe6 Rbd4 36. b3 Qd7 37. Qc2 Qd5 38. R6e5 Qf7 39. Re6 Nd5 40. f5 Nf4 41. R6e4 Rd2 42. Qc4 Nd3 43. R1e2 Nf2+ 44. Rxf2 Qxc4 45. bxc4 Rxf2 46. Bg1 Rd1 0-1

[Event "XX Gran Hotel Bali-A 2023"]
[Site "Benidorm"]
[Date "2023.12.06"]
[Round "7.16"]
[White "Munoz Avila, Jose Luis"]
[Black "Potawad Anirudhha"]
[Result "1-0"]
[ECO "E01"]
[WhiteElo "2238"]
[BlackElo "2075"]
[Annotator "RC"]
[PlyCount "117"]
[EventDate "2023.12.02"]
[EventType "swiss"]
[EventCountry "ESP"]
[SourceTitle "playchess.com"]
[Source "ChessBase"]
[SourceQuality "1"]
[TimeControl "5400+30"]

1. d4 d5 2. Nf3 Nf6 3. c4 c6 4. Qc2 e6 5. g3 Nbd7 6. Bg2 Bd6 7. O-O O-O 8. Nbd2 Re8 9. b3 e5 10. cxd5 cxd5 11. dxe5 Nxe5 12. Bb2 Nc6 13. e3 Bd7 14. a3 Ne4 15. Rad1 Qe7 16. Qc1 Rac8 17. Qa1 f6 18. Rfe1 Bg4 19. Rc1 Qf7 20. b4 a6 21. Qa2 Be6 22. Qb1 Nxd2 23. Nxd2 Be5 24. Nb3 Qe7 25. Red1 Red8 26. Nd4 Bxd4 27. Bxd4 Rd7 28. Rd2 Rcd8 29. Qb2 Qf7 30. h3 h5 31. Rcd1 Rc8 32. Kh2 Ne7 33. Bc5 Ng6 34. e4 dxe4 35. Bxe4 Rxd2 36. Rxd2 Ne5 37. Qd4 Re8 38. Bg2 Ng6 39. Re2 h4 40. gxh4 Ne5 41. Bd6 Qh5 42. Re3 Nf7 43. Bg3 Qf5 44. Qb6 Re7 45. Qc5 Qxc5 46. bxc5 Nd8 47. Bd6 Rd7 48. Re4 Kf7 49. Rb4 g6 50. Kg3 Nc6 51. Rb6 Na5 52. Bf3 Bc4 53. h5 gxh5 54. Bxh5+ Kg7 55. Bg4 Rf7 56. Rb4 Bd5 57. Rd4 Bb3 58. Bh5 Rd7 59. Bf8+ 1-0

[Event "XX Gran Hotel Bali-A 2023"]
[Site "Benidorm"]
[Date "2023.12.06"]
[Round "7.17"]
[White "Pardo Ruiz, Carlos"]
[Black "De La Puerta Cresis, Javier"]
[Result "0-1"]
[ECO "B64"]
[WhiteElo "2042"]
[BlackElo "2181"]
[Annotator "ChessBase"]
[PlyCount "78"]
[EventDate "2023.12.02"]
[EventType "swiss"]
[EventCountry "ESP"]
[SourceTitle "playchess.com"]
[Source "ChessBase"]
[SourceQuality "1"]
[TimeControl "5400+30"]

1. e4 c5 2. Nf3 d6 3. d4 cxd4 4. Nxd4 Nf6 5. Nc3 Nc6 6. Bg5 e6 7. Qd2 Be7 8. O-O-O O-O 9. f4 h6 10. Bh4 Bd7 11. Ndb5 d5 12. Bxf6 Bxf6 13. exd5 Nb4 14. a3 Nxd5 15. Nxd5 exd5 16. Nd4 Qb6 17. Qb4 Qc7 18. g3 Rfc8 19. Rd2 b5 20. Qb3 Rab8 21. Kb1 a5 22. Be2 a4 23. Qb4 Qd8 24. Qd6 b4 25. axb4 Be7 26. Qxd5 Bxb4 27. Rd3 Qc7 28. c4 Rd8 29. Rc1 Bc5 30. Nf5 a3 31. b3 Be6 32. Qe4 Rxd3 33. Bxd3 Rxb3+ 34. Ka2 Rb2+ 35. Ka1 Bxf5 36. Qxf5 Bd4 37. Qh7+ Kf8 38. Qh8+ Ke7 39. Re1+ Re2+ 0-1

[Event "XX Gran Hotel Bali-A 2023"]
[Site "Benidorm"]
[Date "2023.12.06"]
[Round "7.18"]
[White "Motos Abellan, Daniel"]
[Black "Patil Priyanshu"]
[Result "1/2-1/2"]
[ECO "E60"]
[WhiteElo "2151"]
[BlackElo "1902"]
[Annotator "RC"]
[PlyCount "26"]
[EventDate "2023.12.02"]
[EventType "swiss"]
[EventCountry "ESP"]
[SourceTitle "playchess.com"]
[Source "ChessBase"]
[SourceQuality "1"]
[TimeControl "5400+30"]

1. Nf3 c5 2. e3 d5 3. b3 Nf6 4. Bb2 g6 5. c4 dxc4 6. Bxc4 Bg7 7. O-O O-O 8. d4 cxd4 9. Nxd4 a6 10. Be2 Bd7 11. Nd2 Nc6 12. Nxc6 Bxc6 13. Bf3 Bxf3 1/2-1/2

[Event "XX Gran Hotel Bali-A 2023"]
[Site "Benidorm"]
[Date "2023.12.06"]
[Round "7.19"]
[White "Arce Gonzalez, Dario"]
[Black "Aakash Sharadchandra, Dalvi"]
[Result "0-1"]
[ECO "E14"]
[WhiteElo "2038"]
[BlackElo "2114"]
[Annotator "ChessBase"]
[PlyCount "88"]
[EventDate "2023.12.02"]
[EventType "swiss"]
[EventCountry "ESP"]
[SourceTitle "playchess.com"]
[Source "ChessBase"]
[SourceQuality "1"]
[TimeControl "5400+30"]

1. c4 e6 2. Nf3 d5 3. e3 Nf6 4. Nc3 Be7 5. b3 O-O 6. Bb2 c5 7. cxd5 exd5 8. d4 b6 9. Be2 Bb7 10. O-O Nbd7 11. Rc1 Rc8 12. h3 Bd6 13. dxc5 bxc5 14. Na4 Qe7 15. Qc2 Nb6 16. Nc3 d4 17. Nd1 Nbd5 18. Qd3 Nb4 19. Qc4 Ba6 20. Qxa6 Nxa6 21. Bxa6 Rc6 22. Bd3 Rcc8 23. Ba6 Rcd8 24. exd4 cxd4 25. Re1 Qd7 26. Nxd4 Bf4 27. Ne3 Qd6 28. Bf1 Rfe8 29. Ndf5 Qb6 30. Rcd1 Rxd1 31. Rxd1 Bxe3 32. Nxe3 Ne4 33. Bd4 Qa5 34. Bc4 Rd8 35. Be2 Qxa2 36. Bf3 Nd2 37. Ra1 Qxb3 38. Rxa7 Qb1+ 39. Bd1 Qd3 40. Bb6 Re8 41. Ba4 Qb1+ 42. Kh2 Qxb6 43. Bxe8 Qxa7 44. Bc6 Qc7+ 0-1

[Event "XX Gran Hotel Bali-A 2023"]
[Site "Benidorm"]
[Date "2023.12.06"]
[Round "7.20"]
[White "Midoux, Sebastien"]
[Black "Decuigniere, Tom"]
[Result "0-1"]
[ECO "B12"]
[WhiteElo "2151"]
[BlackElo "2408"]
[Annotator "RC"]
[PlyCount "40"]
[EventDate "2023.12.02"]
[EventType "swiss"]
[EventCountry "ESP"]
[SourceTitle "playchess.com"]
[Source "ChessBase"]
[SourceQuality "1"]
[TimeControl "5400+30"]

1. e4 c6 2. d4 d5 3. e5 Bf5 4. h4 h6 5. g4 Be4 6. f3 Bh7 7. e6 Nf6 8. Bd3 Qd6 9. exf7+ Kxf7 10. Bxh7 Rxh7 11. Nh3 Nbd7 12. g5 Nh5 13. f4 Ng3 14. Rh2 g6 15. f5 Nxf5 16. Bf4 e5 17. dxe5 Nxe5 18. Nc3 Re8 19. Kf1 Kg8 20. h5 Rf7 0-1